Mulligans vs Blackdemons
(R1)
Created - November 19, 2017 at 19:00
Goals
|
| Mulligans |
1 |
2 |
2 |
5 |
| Blackdemons |
2 |
5 |
2 |
9 |
|
Shots
|
| Mulligans |
10 |
17 |
11 |
38 |
| Blackdemons |
13 |
20 |
12 |
45 |
|
1st period
1. Mulligans , Logan Shaw 7 (Drayson Bowman 6, Darren Dietz 1) at 5:44
2. Blackdemons , Martin Hanzal 11 (Branko Radivojevic 5, Andrew MacDonald 16) at 8:13
3. Blackdemons , Patrice Cormier 7 (Andy McDonald 7, Branko Radivojevic 6) at 15:19 (PP)
Penalties :
Matt Niskanen (Rep) for High sticking (Minor) at 9:47, Cade Fairchild (Rep) for Interference (Minor) at 14:49
2nd period
4. Blackdemons , Max Friberg 6 (Mackenzie MacEachern 1, Andrew MacDonald 17) at 1:14
5. Blackdemons , Martin Hanzal 12 (Branko Radivojevic 7) at 1:59
6. Blackdemons , Patrice Cormier 8 (Ales Kotalik 15, Andy McDonald 8) at 5:09
7. Mulligans , Eric Tangradi 16 (Jonathan Tremblay 11, Maxime Macenauer 13) at 12:18
8. Mulligans , Eric Tangradi 17 (Matt Niskanen 11, Anders Lindback) at 13:26 (PP)
9. Blackdemons , Branko Radivojevic 2 (Martin Hanzal 9, Blake Pietila 4) at 15:16
10. Blackdemons , Branko Radivojevic 3 (Martin Hanzal 10) at 16:25
Penalties :
Keaton Ellerby (MJM) for Fighting (Major) at 12:02, Derek Dorsett (Rep) for Fighting (Major) at 12:02, Mathew Dumba (MJM) for Roughing (Minor) at 13:00
3rd period
11. Blackdemons , Martin Hanzal 13 (Branko Radivojevic 8) at 0:10
12. Mulligans , Drayson Bowman 8 (Darren Dietz 2, Logan Shaw 4) at 5:02
13. Mulligans , Joonas Donskoi 4 (Matt Niskanen 12) at 6:54
14. Blackdemons , Sergei Plotnikov 1 (Alexandre Grenier 7, Keaton Ellerby 16) at 18:47
Penalties :
Matt Hackett (MJM) for Slashing (Minor) at 2:47 - Jeffrey Foss served the penalty
Goalie Stats
Calvin Pickard (Rep), 11 saves from 15 shots - (0.733), 21:59 minutes
Anders Lindback (Rep), 25 saves from 30 shots - (0.833), L, 8-5-0, 38:01 minutes
Matt Hackett (MJM), 33 saves from 38 shots - (0.868), W, 8-5-0, 60:00 minutes
Players Stats for Mulligans
Player Name G A P +/- PIM S H SB GA TA FO MP PP MP PK MP
------------------------------------------------------------------------------------
Anton Lander 0 0 0 -4 0 3 1 0 0 1 5/16 16:49 0:50 0:36
Ben Hutton 0 0 0 0 0 1 1 0 0 0 0/0 13:40 0:00 1:38
Cade Fairchild 0 0 0 -2 2 0 0 1 1 0 0/0 24:29 1:26 1:08
Christoph Bertschy 0 0 0 0 0 0 0 0 0 0 2/5 7:21 0:00 0:00
Cody Goloubef 0 0 0 -2 0 0 1 1 0 0 0/0 18:21 0:59 0:44
Dalton Thrower 0 0 0 0 0 0 0 0 0 0 0/0 4:37 0:00 0:07
Darren Dietz 0 2 2 0 0 1 0 0 0 1 0/0 12:09 0:00 0:07
Derek Dorsett 0 0 0 -3 5 0 2 0 1 2 1/1 15:03 0:50 0:00
Drayson Bowman 1 1 2 0 0 2 0 0 0 0 0/0 13:39 0:00 0:28
Eric Tangradi 2 0 2 -1 0 9 5 0 2 0 0/3 23:20 1:35 1:25
Jonathan Tremblay 0 1 1 -1 0 3 2 1 0 2 0/0 23:20 1:35 1:25
Joonas Donskoi 1 0 1 0 0 1 2 0 0 0 0/0 7:21 0:00 0:00
Logan Shaw 1 1 2 1 0 3 2 0 0 1 0/0 12:02 0:00 0:00
Matt Beleskey 0 0 0 -4 0 0 0 1 1 1 2/3 16:13 0:50 0:00
Matt Donovan 0 0 0 -2 0 2 0 2 0 0 0/0 18:21 0:59 0:44
Matt Niskanen 0 2 2 -2 2 5 2 2 3 1 0/0 28:21 1:26 0:30
Maxime Macenauer 0 1 1 -1 0 6 3 0 3 0 20/43 22:31 1:35 0:36
Nick Shore 0 0 0 1 0 0 0 0 0 0 5/8 12:02 0:00 0:00
Sven Baertschi 0 0 0 0 0 2 0 0 2 0 0/0 7:49 0:00 0:28
Players Stats for Blackdemons
Player Name G A P +/- PIM S H SB GA TA FO MP PP MP PK MP
------------------------------------------------------------------------------------
Ales Kotalik 0 1 1 1 0 7 1 0 2 0 1/1 22:36 1:28 0:22
Alexandre Grenier 0 1 1 0 0 2 2 1 1 0 0/0 11:54 0:12 0:00
Andrew MacDonald 0 2 2 1 0 6 1 1 1 0 0/0 21:43 1:40 1:34
Andy McDonald 0 2 2 0 0 2 1 2 1 1 3/4 23:22 1:01 1:14
Blake Pietila 0 1 1 3 0 1 1 1 0 3 1/2 16:35 1:16 0:00
Branko Radivojevic 2 4 6 3 0 2 3 3 0 0 0/1 16:25 1:01 0:00
Brett Kulak 0 0 0 0 0 0 0 0 0 0 0/0 5:21 0:00 0:00
Calvin de Haan 0 0 0 1 0 4 1 4 0 3 0/0 20:18 0:49 0:51
Charles-Olivier Roussel 0 0 0 0 0 0 0 0 0 2 0/0 11:34 0:00 1:01
Jeffrey Foss 0 0 0 -1 0 0 0 1 0 0 0/0 7:38 0:00 0:00
Keaton Ellerby 0 1 1 3 5 0 0 1 0 0 0/0 22:10 0:49 1:08
Klas Dahlbeck 0 0 0 0 0 0 0 0 0 2 0/0 5:21 0:00 0:00
Kyle Rau 0 0 0 1 0 2 0 0 0 0 1/3 7:35 0:00 0:37
Mackenzie MacEachern 0 1 1 1 0 0 0 0 0 0 0/0 6:58 0:00 0:00
Martin Hanzal 3 2 5 2 0 6 0 0 2 1 13/25 18:41 1:28 1:38
Mathew Dumba 0 0 0 3 2 1 3 0 0 1 0/0 26:09 1:40 0:16
Max Friberg 1 0 1 1 0 3 0 0 1 0 0/0 6:58 0:00 0:00
Noel Acciari 0 0 0 0 0 1 1 3 0 0 5/10 11:54 0:00 0:12
Patrice Cormier 2 0 2 1 0 5 0 0 0 0 20/33 22:14 1:01 0:22
Sergei Plotnikov 1 0 1 0 0 3 0 1 1 0 0/0 12:07 0:00 0:25
3 Stars
1 - Branko Radivojevic (MJM)
2 - Martin Hanzal (MJM)
3 - Eric Tangradi (Rep)
Power Play
Mulligans - 1 on 2 Attempt(s) - 50.00%
Blackdemons - 1 on 2 Attempt(s) - 50.00%
Penalty Kill
Mulligans - 1 on 2 Attempt(s) - 50.00%
- Score 0 goal in Penalty Kill
Blackdemons - 1 on 2 Attempt(s) - 50.00%
- Score 0 goal in Penalty Kill
Team Stat
Mulligans - Hits : 21 - Faceoff Wins : 35 - Blocked Shots : 8 - Penalty Minutes : 9
Blackdemons - Hits : 14 - Faceoff Wins : 44 - Blocked Shots : 18 - Penalty Minutes : 9
Official
Referees : Jackson Dave and Leggo Mike
Linesman : Ryan Galloway and Dan Schachte
Game Notes
Anders Lindback enters game at 1:59 of 2nd period
Keaton Ellerby and Derek Dorsett fight to a draw at 12:02 of 2nd period
Martin Hanzal has scored a Hat Trick!
Finance
Level 1 -- Attendance: 1341 (67.05%) -- Ticket Income $53,640
Level 2 -- Attendance: 739 (73.90%) -- Ticket Income $14,780
Total Attendance: 2080 (69.33%)
Total Ticket Income: $68,420
Other Income: $3,421
Total Income: $71,841
Mulligans
5 vs 5 Forward
Center Left Wing Right Wing Time % Phy DF OF
1 Maxime Macenauer Eric Tangradi Jonathan Tremblay 40 1 2 2
2 Anton Lander Matt Beleskey Derek Dorsett 30 1 2 2
3 Nick Shore Drayson Bowman Logan Shaw 20 1 2 2
4 Christoph Bertschy Sven Baertschi Joonas Donskoi 10 1 2 2
5 vs 5 Defense
Defense Defense Time % Phy DF OF
1 Matt Niskanen Cade Fairchild 40 1 2 2
2 Matt Donovan Cody Goloubef 30 1 2 2
3 Darren Dietz Ben Hutton 20 1 2 2
4 Dalton Thrower Matt Niskanen 10 1 2 2
PowerPlay Forward
Center Left Wing Right Wing Time % Phy DF OF
1 Maxime Macenauer Eric Tangradi Jonathan Tremblay 60 1 2 2
2 Anton Lander Matt Beleskey Derek Dorsett 40 1 2 2
PowerPlay Defense
Defense Defense Time % Phy DF OF
1 Matt Niskanen Cade Fairchild 60 1 2 2
2 Matt Donovan Cody Goloubef 40 1 2 2
Penalty Kill 4 Players Forward
Center Wing Time % Phy DF OF
1 Eric Tangradi Jonathan Tremblay 60 1 2 2
2 Maxime Macenauer Anton Lander 40 1 2 2
Penalty Kill 4 Players Defense
Defense Defense Time % Phy DF OF
1 Matt Niskanen Cade Fairchild 60 1 2 2
2 Matt Donovan Cody Goloubef 40 1 2 2
Penalty Kill - 3 Players Forward
Forward Time % Phy DF OF
1 Eric Tangradi 60 1 2 2
2 Jonathan Tremblay 40 1 2 2
Penalty Kill - 3 Players Defense
Defense Defense Time % Phy DF OF
1 Matt Niskanen Darren Dietz 60 1 2 2
2 Matt Donovan Cody Goloubef 40 1 2 2
4 vs 4 Forward
Center Wing Time % Phy DF OF
1 Eric Tangradi Jonathan Tremblay 60 1 2 2
2 Maxime Macenauer Anton Lander 40 1 2 2
4 vs 4 Defense
Defense Defense Time % Phy DF OF
1 Matt Niskanen Ben Hutton 60 1 2 2
2 Matt Donovan Cody Goloubef 40 1 2 2
Last Minutes Offensive
Center Left Wing Right Wing Defense Defense
Maxime Macenauer Eric Tangradi Jonathan Tremblay Matt Niskanen Matt Donovan
Last Minutes Defensive
Center Left Wing Right Wing Defense Defense
Maxime Macenauer Eric Tangradi Jonathan Tremblay Matt Niskanen Matt Donovan
Goaltenders
Starting : Calvin Pickard
Backup : Anders Lindback
Extra Forwards
Normal : Drayson Bowman, Logan Shaw, Sven Baertschi - PP : Drayson Bowman, Logan Shaw - PK : Sven Baertschi
Extra Defensemen
Normal : Cade Fairchild, Ben Hutton, Darren Dietz - PP : Cade Fairchild - PK : Ben Hutton, Darren Dietz
Penalty Shots
Eric Tangradi, Jonathan Tremblay, Maxime Macenauer, Anton Lander, Matt Beleskey
Scratches
Reid Boucher (Healthy), Mario Lucia (Healthy), Adam Lowry (Healthy), Nick Bonino (Head Injury), Marek Langhamer (Healthy)
Blackdemons
5 vs 5 Forward
Center Left Wing Right Wing Time % Phy DF OF
1 Patrice Cormier Andy McDonald Ales Kotalik 40 0 1 4
2 Martin Hanzal Blake Pietila Branko Radivojevic 32 0 1 4
3 Noel Acciari Sergei Plotnikov Alexandre Grenier 20 1 2 2
4 Kyle Rau Mackenzie MacEachern Max Friberg 8 1 2 2
5 vs 5 Defense
Defense Defense Time % Phy DF OF
1 Keaton Ellerby Mathew Dumba 45 0 3 2
2 Andrew MacDonald Calvin de Haan 35 0 3 2
3 Jeffrey Foss Charles-Olivier Roussel 12 1 3 1
4 Klas Dahlbeck Brett Kulak 8 1 3 1
PowerPlay Forward
Center Left Wing Right Wing Time % Phy DF OF
1 Martin Hanzal Blake Pietila Ales Kotalik 60 0 1 4
2 Patrice Cormier Andy McDonald Branko Radivojevic 40 0 1 4
PowerPlay Defense
Defense Defense Time % Phy DF OF
1 Mathew Dumba Andrew MacDonald 60 1 1 3
2 Keaton Ellerby Calvin de Haan 40 1 1 3
Penalty Kill 4 Players Forward
Center Wing Time % Phy DF OF
1 Andy McDonald Martin Hanzal 60 1 4 0
2 Ales Kotalik Patrice Cormier 40 1 4 0
Penalty Kill 4 Players Defense
Defense Defense Time % Phy DF OF
1 Keaton Ellerby Andrew MacDonald 60 1 4 0
2 Calvin de Haan Jeffrey Foss 40 1 4 0
Penalty Kill - 3 Players Forward
Forward Time % Phy DF OF
1 Andy McDonald 60 1 4 0
2 Martin Hanzal 40 1 4 0
Penalty Kill - 3 Players Defense
Defense Defense Time % Phy DF OF
1 Keaton Ellerby Andrew MacDonald 60 1 4 0
2 Calvin de Haan Jeffrey Foss 40 1 4 0
4 vs 4 Forward
Center Wing Time % Phy DF OF
1 Andy McDonald Martin Hanzal 60 1 2 2
2 Ales Kotalik Patrice Cormier 40 1 2 2
4 vs 4 Defense
Defense Defense Time % Phy DF OF
1 Keaton Ellerby Andrew MacDonald 60 1 2 2
2 Calvin de Haan Jeffrey Foss 40 1 2 2
Last Minutes Offensive
Center Left Wing Right Wing Defense Defense
Martin Hanzal Andy McDonald Ales Kotalik Keaton Ellerby Andrew MacDonald
Last Minutes Defensive
Center Left Wing Right Wing Defense Defense
Martin Hanzal Andy McDonald Ales Kotalik Keaton Ellerby Andrew MacDonald
Goaltenders
Starting : Matt Hackett
Backup : Alexander Salak
Extra Forwards
Normal : Alexandre Grenier, Noel Acciari, Kyle Rau - PP : Alexandre Grenier, Noel Acciari - PK : Kyle Rau
Extra Defensemen
Normal : Mathew Dumba, Charles-Olivier Roussel, Keaton Ellerby - PP : Mathew Dumba - PK : Charles-Olivier Roussel, Calvin de Haan
Penalty Shots
Andy McDonald, Martin Hanzal, Ales Kotalik, Patrice Cormier, Branko Radivojevic
Scratches
Scott Timmins (Healthy), Dan Bertram (Healthy), Colin Smith (Healthy), Scott Wilson (Healthy), Mikko Lehtonen (Healthy)
Jyrki Jokipakka (Healthy), Reece Scarlett (Healthy), Ben Maxwell (Healthy), Nicolas Deschamps (Healthy), Jacob Lagacé (Healthy)
James Livingstone (Healthy), Sami Aittokallio (Healthy)
% Time on Ice - Mulligans
Lines # - Real PCT - Wanted PCT - Time Play
Normal Forward
1 - 37% - 40% - 20:20
2 - 28% - 30% - 15:23
3 - 22% - 20% - 12:02
4 - 13% - 10% - 7:21
Normal Defense
1 - 40% - 40% - 21:56
2 - 30% - 30% - 16:38
3 - 22% - 20% - 12:02
4 - 8% - 10% - 4:30
PP Forward
1 - 66% - 60% - 1:35
2 - 34% - 40% - 0:50
PP Defense
1 - 59% - 60% - 1:26
2 - 41% - 40% - 0:59
PK Forward
1 - 76% - 60% - 1:53
2 - 24% - 40% - 0:36
PK Defense
1 - 70% - 60% - 1:45
2 - 30% - 40% - 0:44
PK3 Forward
1 - 0% - 60%
2 - 0% - 40%
PK3 Defense
1 - 0% - 60%
2 - 0% - 40%
44 Forward
1 - 0% - 60%
2 - 0% - 40%
44 Defense
1 - 0% - 60%
2 - 0% - 40%
Last Minute Offensive - 0:00
Last Minute Defensive - 0:00
Total
Forward - 60:00
Defense - 60:00
|
% Time on Ice - Blackdemons
Lines # - Real PCT - Wanted PCT - Time Play
Normal Forward
1 - 38% - 40% - 21:02
2 - 28% - 32% - 15:24
3 - 21% - 20% - 11:42
4 - 13% - 8% - 6:58
Normal Defense
1 - 43% - 45% - 23:58
2 - 33% - 35% - 18:25
3 - 13% - 12% - 7:22
4 - 10% - 8% - 5:21
PP Forward
1 - 59% - 60% - 1:28
2 - 41% - 40% - 1:01
PP Defense
1 - 67% - 60% - 1:40
2 - 33% - 40% - 0:49
PK Forward
1 - 85% - 60% - 2:03
2 - 15% - 40% - 0:22
PK Defense
1 - 65% - 60% - 1:34
2 - 35% - 40% - 0:51
PK3 Forward
1 - 0% - 60%
2 - 0% - 40%
PK3 Defense
1 - 0% - 60%
2 - 0% - 40%
44 Forward
1 - 0% - 60%
2 - 0% - 40%
44 Defense
1 - 0% - 60%
2 - 0% - 40%
Last Minute Offensive - 0:00
Last Minute Defensive - 0:00
Total
Forward - 60:00
Defense - 60:00
|
Play by Play
1st period
0:01 of 1st period - Patrice Cormier wins face-off versus Maxime Macenauer in neutral zone.
0:33 of 1st period - Snap shot by Matt Beleskey.
0:33 of 1st period - Shot Misses the Net.
0:49 of 1st period - Snap shot by Andrew MacDonald.
0:49 of 1st period - Stopped by Calvin Pickard without a rebound.
0:50 of 1st period - Noel Acciari wins face-off versus Nick Shore in Mulligans zone.
1:15 of 1st period - Max Friberg is hit by Jonathan Tremblay and loses puck.
1:26 of 1st period - Wrist shot by Maxime Macenauer.
1:26 of 1st period - Stopped by Matt Hackett without a rebound.
1:27 of 1st period - Patrice Cormier wins face-off versus Christoph Bertschy in Blackdemons zone.
3:26 of 1st period - Wrist shot by Anton Lander.
3:26 of 1st period - Shot Blocked by Noel Acciari.
3:50 of 1st period - Anton Lander is hit by Blake Pietila and loses puck.
4:07 of 1st period - Snap shot by Jonathan Tremblay.
4:07 of 1st period - Shot Misses the Net.
4:51 of 1st period - Snap shot by Sergei Plotnikov.
4:51 of 1st period - Stopped by Calvin Pickard without a rebound.
4:52 of 1st period - Patrice Cormier wins face-off versus Maxime Macenauer in Mulligans zone.
5:07 of 1st period - Wrist shot by Eric Tangradi.
5:07 of 1st period - Shot Misses the Net.
5:19 of 1st period - Matt Beleskey is hit by Mathew Dumba and loses puck.
5:42 of 1st period - Slapshot by Drayson Bowman.
5:42 of 1st period - Shot Misses the Net.
5:44 of 1st period - Wrist shot by Logan Shaw.
5:44 of 1st period - Goal by Logan Shaw - Mulligans : 1 - Blackdemons : 0.
5:45 of 1st period - Maxime Macenauer wins face-off versus Patrice Cormier in neutral zone.
6:10 of 1st period - Keaton Ellerby is hit by Matt Niskanen and loses puck.
6:19 of 1st period - Slapshot by Blake Pietila.
6:19 of 1st period - Stopped by Calvin Pickard without a rebound.
6:20 of 1st period - Maxime Macenauer wins face-off versus Blake Pietila in Mulligans zone.
6:33 of 1st period - Eric Tangradi is hit by Branko Radivojevic.
6:47 of 1st period - Andrew MacDonald is hit by Derek Dorsett and loses puck.
7:08 of 1st period - Slapshot by Joonas Donskoi.
7:08 of 1st period - Shot Blocked by Noel Acciari.
7:14 of 1st period - Sven Baertschi is hit by Mathew Dumba and loses puck.
7:33 of 1st period - Max Friberg is hit by Jonathan Tremblay and loses puck.
7:38 of 1st period - Slapshot by Maxime Macenauer.
7:38 of 1st period - Shot Blocked by Jeffrey Foss.
7:40 of 1st period - Slapshot by Darren Dietz.
7:40 of 1st period - Deflect By Max Friberg.
7:40 of 1st period - Stopped by Matt Hackett without a rebound.
7:41 of 1st period - Patrice Cormier wins face-off versus Anton Lander in Blackdemons zone.
7:48 of 1st period - Backhand shot by Ales Kotalik.
7:48 of 1st period - Stopped by Calvin Pickard with a rebound.
7:50 of 1st period - Slapshot by Calvin de Haan.
7:50 of 1st period - Shot Blocked by Cade Fairchild.
7:52 of 1st period - Snap shot by Ales Kotalik.
7:52 of 1st period - Stopped by Calvin Pickard with a rebound.
7:56 of 1st period - Snap shot by Andy McDonald.
7:56 of 1st period - Shot Misses the Net.
7:58 of 1st period - Slapshot by Andrew MacDonald.
7:58 of 1st period - Stopped by Calvin Pickard with a rebound.
8:13 of 1st period - Snap shot by Martin Hanzal.
8:13 of 1st period - Goal by Martin Hanzal - Mulligans : 1 - Blackdemons : 1.
8:14 of 1st period - Patrice Cormier wins face-off versus Maxime Macenauer in neutral zone.
8:26 of 1st period - Slapshot by Eric Tangradi.
8:26 of 1st period - Shot Misses the Net.
8:28 of 1st period - Slapshot by Matt Niskanen.
8:28 of 1st period - Stopped by Matt Hackett with a rebound.
9:23 of 1st period - Icing by Cody Goloubef.
9:24 of 1st period - Christoph Bertschy wins face-off versus Kyle Rau in Mulligans zone.
9:33 of 1st period - Snap shot by Maxime Macenauer.
9:33 of 1st period - Stopped by Matt Hackett without a rebound.
9:34 of 1st period - Patrice Cormier wins face-off versus Maxime Macenauer in Blackdemons zone.
9:34 of 1st period - Patrice Cormier is hit by Maxime Macenauer.
9:47 of 1st period - Minor Penalty to Matt Niskanen for High sticking.
9:48 of 1st period - Martin Hanzal wins face-off versus Eric Tangradi in Mulligans zone.
11:47 of 1st period - Penalty to Matt Niskanen is over, Matt Niskanen is back on ice.
12:06 of 1st period - Backhand shot by Andrew MacDonald.
12:06 of 1st period - Stopped by Calvin Pickard without a rebound.
12:07 of 1st period - Nick Shore wins face-off versus Noel Acciari in Mulligans zone.
12:42 of 1st period - Wrist shot by Sven Baertschi.
12:42 of 1st period - Stopped by Matt Hackett with a rebound.
12:44 of 1st period - Backhand shot by Matt Niskanen.
12:44 of 1st period - Shot Blocked by Sergei Plotnikov.
12:46 of 1st period - Slapshot by Matt Niskanen.
12:46 of 1st period - Shot Blocked by Noel Acciari.
12:55 of 1st period - Off-side.
12:56 of 1st period - Patrice Cormier wins face-off versus Maxime Macenauer in neutral zone.
13:07 of 1st period - Slapshot by Maxime Macenauer.
13:07 of 1st period - Shot Blocked by Andy McDonald.
13:11 of 1st period - Snap shot by Eric Tangradi.
13:11 of 1st period - Stopped by Matt Hackett with a rebound.
14:34 of 1st period - Snap shot by Sergei Plotnikov.
14:34 of 1st period - Stopped by Calvin Pickard without a rebound.
14:35 of 1st period - Maxime Macenauer wins face-off versus Martin Hanzal in Mulligans zone.
14:49 of 1st period - Minor Penalty to Cade Fairchild for Interference.
14:50 of 1st period - Martin Hanzal wins face-off versus Eric Tangradi in Mulligans zone.
15:15 of 1st period - Slapshot by Andy McDonald.
15:15 of 1st period - Shot Misses the Net.
15:17 of 1st period - Wrist shot by Patrice Cormier.
15:17 of 1st period - Stopped by Calvin Pickard with a rebound.
15:19 of 1st period - Snap shot by Patrice Cormier.
15:19 of 1st period - Goal by Patrice Cormier - Mulligans : 1 - Blackdemons : 2.
15:20 of 1st period - Patrice Cormier wins face-off versus Maxime Macenauer in neutral zone.
15:37 of 1st period - Wrist shot by Ales Kotalik.
15:37 of 1st period - Stopped by Calvin Pickard without a rebound.
15:38 of 1st period - Anton Lander wins face-off versus Martin Hanzal in Mulligans zone.
15:47 of 1st period - Snap shot by Matt Niskanen.
15:47 of 1st period - Shot Misses the Net.
15:49 of 1st period - Slapshot by Matt Niskanen.
15:49 of 1st period - Stopped by Matt Hackett with a rebound.
16:03 of 1st period - Patrice Cormier is hit by Matt Niskanen and loses puck.
16:22 of 1st period - Andy McDonald is hit by Joonas Donskoi and loses puck.
16:27 of 1st period - Slapshot by Sven Baertschi.
16:27 of 1st period - Shot Misses the Net.
16:29 of 1st period - Slapshot by Cody Goloubef.
16:29 of 1st period - Deflect By Sven Baertschi.
16:29 of 1st period - Shot Misses the Net.
16:29 of 1st period - Puck is out of play.
16:30 of 1st period - Maxime Macenauer wins face-off versus Martin Hanzal in Blackdemons zone.
16:31 of 1st period - Wrist shot by Jonathan Tremblay.
16:31 of 1st period - Stopped by Matt Hackett without a rebound.
16:32 of 1st period - Martin Hanzal wins face-off versus Maxime Macenauer in Blackdemons zone.
16:32 of 1st period - Martin Hanzal is hit by Eric Tangradi.
17:00 of 1st period - Andrew MacDonald is hit by Cody Goloubef and loses puck.
17:21 of 1st period - Wrist shot by Drayson Bowman.
17:21 of 1st period - Shot Blocked by Alexandre Grenier.
17:28 of 1st period - Wrist shot by Noel Acciari.
17:28 of 1st period - Shot Misses the Net.
18:02 of 1st period - Snap shot by Eric Tangradi.
18:02 of 1st period - Shot Blocked by Branko Radivojevic.
18:04 of 1st period - Snap shot by Eric Tangradi.
18:04 of 1st period - Shot Blocked by Blake Pietila.
18:06 of 1st period - Snap shot by Eric Tangradi.
18:06 of 1st period - Stopped by Matt Hackett without a rebound.
18:07 of 1st period - Matt Beleskey wins face-off versus Patrice Cormier in Blackdemons zone.
19:03 of 1st period - Wrist shot by Kyle Rau.
19:03 of 1st period - Stopped by Calvin Pickard with a rebound.
19:54 of 1st period - Wrist shot by Blake Pietila.
19:54 of 1st period - Deflect By Branko Radivojevic.
19:54 of 1st period - Shot Misses the Net.
19:54 of 1st period - Puck is out of play.
19:55 of 1st period - Ales Kotalik wins face-off versus Maxime Macenauer in Mulligans zone.
Goals for this period are 1 for Mulligans vs 2 for Blackdemons.
Shots for this period are 10 for Mulligans vs 13 for Blackdemons.
2nd period
0:01 of 2nd period - Maxime Macenauer wins face-off versus Patrice Cormier in neutral zone.
0:08 of 2nd period - Slapshot by Jonathan Tremblay.
0:08 of 2nd period - Stopped by Matt Hackett with a rebound.
0:10 of 2nd period - Backhand shot by Matt Niskanen.
0:10 of 2nd period - Shot Blocked by Calvin de Haan.
0:52 of 2nd period - Slapshot by Andrew MacDonald.
0:52 of 2nd period - Shot Blocked by Matt Donovan.
1:10 of 2nd period - Slapshot by Andrew MacDonald.
1:10 of 2nd period - Shot Misses the Net.
1:12 of 2nd period - Wrist shot by Mackenzie MacEachern.
1:12 of 2nd period - Shot Blocked by Cody Goloubef.
1:14 of 2nd period - Slapshot by Max Friberg.
1:14 of 2nd period - Goal by Max Friberg - Mulligans : 1 - Blackdemons : 3.
1:15 of 2nd period - Maxime Macenauer wins face-off versus Patrice Cormier in neutral zone.
1:18 of 2nd period - Wrist shot by Matt Niskanen.
1:18 of 2nd period - Shot Misses the Net.
1:45 of 2nd period - Off-side.
1:46 of 2nd period - Martin Hanzal wins face-off versus Anton Lander in neutral zone.
1:59 of 2nd period - Snap shot by Branko Radivojevic.
1:59 of 2nd period - Deflect By Martin Hanzal.
1:59 of 2nd period - Goal by Martin Hanzal - Mulligans : 1 - Blackdemons : 4.
1:59 of 2nd period - Anders Lindback enters game.
2:00 of 2nd period - Patrice Cormier wins face-off versus Maxime Macenauer in neutral zone.
2:11 of 2nd period - Snap shot by Ales Kotalik.
2:11 of 2nd period - Deflect By Patrice Cormier.
2:11 of 2nd period - Shot Blocked by Matt Niskanen.
2:11 of 2nd period - Puck is out of play.
2:12 of 2nd period - Maxime Macenauer wins face-off versus Patrice Cormier in Mulligans zone.
2:19 of 2nd period - Wrist shot by Eric Tangradi.
2:19 of 2nd period - Shot Misses the Net.
2:21 of 2nd period - Snap shot by Maxime Macenauer.
2:21 of 2nd period - Stopped by Matt Hackett without a rebound.
2:22 of 2nd period - Maxime Macenauer wins face-off versus Patrice Cormier in Blackdemons zone.
2:25 of 2nd period - Wrist shot by Maxime Macenauer.
2:25 of 2nd period - Shot Misses the Net.
2:59 of 2nd period - Snap shot by Eric Tangradi.
2:59 of 2nd period - Stopped by Matt Hackett with a rebound.
3:01 of 2nd period - Snap shot by Jonathan Tremblay.
3:01 of 2nd period - Stopped by Matt Hackett with a rebound.
3:03 of 2nd period - Wrist shot by Eric Tangradi.
3:03 of 2nd period - Shot Blocked by Keaton Ellerby.
3:09 of 2nd period - Wrist shot by Eric Tangradi.
3:09 of 2nd period - Stopped by Matt Hackett without a rebound.
3:10 of 2nd period - Derek Dorsett wins face-off versus Martin Hanzal in Blackdemons zone.
3:11 of 2nd period - Snap shot by Anton Lander.
3:11 of 2nd period - Shot Blocked by Branko Radivojevic.
3:21 of 2nd period - Wrist shot by Anton Lander.
3:21 of 2nd period - Stopped by Matt Hackett with a rebound.
3:23 of 2nd period - Backhand shot by Anton Lander.
3:23 of 2nd period - Stopped by Matt Hackett without a rebound.
3:24 of 2nd period - Martin Hanzal wins face-off versus Nick Shore in Blackdemons zone.
3:33 of 2nd period - Off-side.
3:34 of 2nd period - Nick Shore wins face-off versus Martin Hanzal in neutral zone.
3:37 of 2nd period - Blake Pietila is hit by Logan Shaw and loses puck.
4:09 of 2nd period - Off-side.
4:10 of 2nd period - Patrice Cormier wins face-off versus Anton Lander in neutral zone.
4:17 of 2nd period - Wrist shot by Andy McDonald.
4:17 of 2nd period - Stopped by Anders Lindback with a rebound.
4:19 of 2nd period - Backhand shot by Mathew Dumba.
4:19 of 2nd period - Shot Misses the Net.
4:21 of 2nd period - Snap shot by Mathew Dumba.
4:21 of 2nd period - Stopped by Anders Lindback without a rebound.
4:22 of 2nd period - Patrice Cormier wins face-off versus Anton Lander in Mulligans zone.
4:31 of 2nd period - Wrist shot by Patrice Cormier.
4:31 of 2nd period - Stopped by Anders Lindback without a rebound.
4:32 of 2nd period - Patrice Cormier wins face-off versus Anton Lander in Mulligans zone.
4:33 of 2nd period - Slapshot by Ales Kotalik.
4:33 of 2nd period - Stopped by Anders Lindback without a rebound.
4:34 of 2nd period - Patrice Cormier wins face-off versus Maxime Macenauer in Mulligans zone.
4:43 of 2nd period - Wrist shot by Patrice Cormier.
4:43 of 2nd period - Stopped by Anders Lindback without a rebound.
4:44 of 2nd period - Patrice Cormier wins face-off versus Maxime Macenauer in Mulligans zone.
5:07 of 2nd period - Wrist shot by Ales Kotalik.
5:07 of 2nd period - Shot Misses the Net.
5:09 of 2nd period - Snap shot by Patrice Cormier.
5:09 of 2nd period - Goal by Patrice Cormier - Mulligans : 1 - Blackdemons : 5.
5:10 of 2nd period - Anton Lander wins face-off versus Martin Hanzal in neutral zone.
5:35 of 2nd period - Andy McDonald is hit by Eric Tangradi and loses puck.
5:40 of 2nd period - Wrist shot by Eric Tangradi.
5:40 of 2nd period - Stopped by Matt Hackett without a rebound.
5:41 of 2nd period - Maxime Macenauer wins face-off versus Patrice Cormier in Blackdemons zone.
5:50 of 2nd period - Slapshot by Matt Donovan.
5:50 of 2nd period - Shot Blocked by Andrew MacDonald.
5:52 of 2nd period - Wrist shot by Maxime Macenauer.
5:52 of 2nd period - Shot Blocked by Calvin de Haan.
6:08 of 2nd period - Derek Dorsett is hit by Branko Radivojevic.
6:23 of 2nd period - Icing by Branko Radivojevic.
6:24 of 2nd period - Nick Shore wins face-off versus Noel Acciari in Blackdemons zone.
6:31 of 2nd period - Drayson Bowman is hit by Noel Acciari and loses puck.
7:19 of 2nd period - Wrist shot by Maxime Macenauer.
7:19 of 2nd period - Shot Blocked by Andy McDonald.
7:31 of 2nd period - Icing by Matt Donovan.
7:32 of 2nd period - Kyle Rau wins face-off versus Christoph Bertschy in Mulligans zone.
7:41 of 2nd period - Snap shot by Max Friberg.
7:41 of 2nd period - Stopped by Anders Lindback without a rebound.
7:42 of 2nd period - Maxime Macenauer wins face-off versus Martin Hanzal in Mulligans zone.
7:57 of 2nd period - Wrist shot by Martin Hanzal.
7:57 of 2nd period - Shot Misses the Net.
9:59 of 2nd period - Slapshot by Calvin de Haan.
9:59 of 2nd period - Stopped by Anders Lindback without a rebound.
10:00 of 2nd period - Maxime Macenauer wins face-off versus Noel Acciari in Mulligans zone.
11:09 of 2nd period - Icing by Ben Hutton.
11:10 of 2nd period - Maxime Macenauer wins face-off versus Branko Radivojevic in Mulligans zone.
11:17 of 2nd period - Snap shot by Eric Tangradi.
11:17 of 2nd period - Stopped by Matt Hackett without a rebound.
11:18 of 2nd period - Martin Hanzal wins face-off versus Maxime Macenauer in Blackdemons zone.
11:49 of 2nd period - Wrist shot by Ales Kotalik.
11:49 of 2nd period - Stopped by Anders Lindback without a rebound.
11:50 of 2nd period - Patrice Cormier wins face-off versus Anton Lander in Mulligans zone.
12:02 of 2nd period - Keaton Ellerby and Derek Dorsett fight to a draw.
12:02 of 2nd period - Penalty to Keaton Ellerby for Fighting.
12:02 of 2nd period - Penalty to Derek Dorsett for Fighting.
12:03 of 2nd period - Maxime Macenauer wins face-off versus Martin Hanzal in Blackdemons zone.
12:06 of 2nd period - Wrist shot by Eric Tangradi.
12:06 of 2nd period - Shot Misses the Net.
12:08 of 2nd period - Slapshot by Matt Niskanen.
12:08 of 2nd period - Shot Blocked by Calvin de Haan.
12:10 of 2nd period - Slapshot by Matt Niskanen.
12:10 of 2nd period - Shot Blocked by Branko Radivojevic.
12:12 of 2nd period - Wrist shot by Maxime Macenauer.
12:12 of 2nd period - Shot Misses the Net.
12:14 of 2nd period - Backhand shot by Maxime Macenauer.
12:14 of 2nd period - Stopped by Matt Hackett with a rebound.
12:16 of 2nd period - Wrist shot by Jonathan Tremblay.
12:16 of 2nd period - Deflect By Eric Tangradi.
12:16 of 2nd period - Stopped by Matt Hackett with a rebound.
12:18 of 2nd period - Wrist shot by Eric Tangradi.
12:18 of 2nd period - Goal by Eric Tangradi - Mulligans : 2 - Blackdemons : 5.
12:19 of 2nd period - Maxime Macenauer wins face-off versus Patrice Cormier in neutral zone.
12:22 of 2nd period - Slapshot by Maxime Macenauer.
12:22 of 2nd period - Shot Blocked by Calvin de Haan.
12:24 of 2nd period - Slapshot by Maxime Macenauer.
12:24 of 2nd period - Stopped by Matt Hackett with a rebound.
12:26 of 2nd period - Snap shot by Eric Tangradi.
12:26 of 2nd period - Deflect By Maxime Macenauer.
12:26 of 2nd period - Shot Misses the Net.
12:26 of 2nd period - Puck is out of play.
12:27 of 2nd period - Patrice Cormier wins face-off versus Maxime Macenauer in Blackdemons zone.
12:42 of 2nd period - Snap shot by Ales Kotalik.
12:42 of 2nd period - Deflect By Patrice Cormier.
12:42 of 2nd period - Shot Blocked by Matt Niskanen.
12:42 of 2nd period - Puck is out of play.
12:43 of 2nd period - Martin Hanzal wins face-off versus Matt Beleskey in Mulligans zone.
12:50 of 2nd period - Slapshot by Martin Hanzal.
12:50 of 2nd period - Stopped by Anders Lindback without a rebound.
12:51 of 2nd period - Anton Lander wins face-off versus Martin Hanzal in Mulligans zone.
12:51 of 2nd period - Anton Lander is hit by Mathew Dumba.
13:00 of 2nd period - Minor Penalty to Mathew Dumba for Roughing.
13:01 of 2nd period - Maxime Macenauer wins face-off versus Andy McDonald in Blackdemons zone.
13:12 of 2nd period - Slapshot by Maxime Macenauer.
13:12 of 2nd period - Stopped by Matt Hackett without a rebound.
13:13 of 2nd period - Andy McDonald wins face-off versus Maxime Macenauer in Blackdemons zone.
13:26 of 2nd period - Snap shot by Eric Tangradi.
13:26 of 2nd period - Goal by Eric Tangradi - Mulligans : 3 - Blackdemons : 5.
13:27 of 2nd period - Maxime Macenauer wins face-off versus Patrice Cormier in neutral zone.
14:41 of 2nd period - Mathew Dumba is hit by Ben Hutton and loses puck.
15:16 of 2nd period - Snap shot by Branko Radivojevic.
15:16 of 2nd period - Goal by Branko Radivojevic - Mulligans : 3 - Blackdemons : 6.
15:17 of 2nd period - Patrice Cormier wins face-off versus Eric Tangradi in neutral zone.
15:26 of 2nd period - Cade Fairchild is hit by Calvin de Haan.
16:11 of 2nd period - Slapshot by Calvin de Haan.
16:11 of 2nd period - Stopped by Anders Lindback with a rebound.
16:13 of 2nd period - Slapshot by Andrew MacDonald.
16:13 of 2nd period - Deflect By Eric Tangradi.
16:13 of 2nd period - Stopped by Anders Lindback with a rebound.
16:15 of 2nd period - Wrist shot by Calvin de Haan.
16:15 of 2nd period - Stopped by Anders Lindback with a rebound.
16:17 of 2nd period - Wrist shot by Max Friberg.
16:17 of 2nd period - Shot Blocked by Jonathan Tremblay.
16:19 of 2nd period - Snap shot by Mathew Dumba.
16:19 of 2nd period - Deflect By Max Friberg.
16:19 of 2nd period - Stopped by Anders Lindback without a rebound.
16:20 of 2nd period - Martin Hanzal wins face-off versus Anton Lander in Mulligans zone.
16:25 of 2nd period - Slapshot by Branko Radivojevic.
16:25 of 2nd period - Goal by Branko Radivojevic - Mulligans : 3 - Blackdemons : 7.
16:26 of 2nd period - Matt Beleskey wins face-off versus Patrice Cormier in neutral zone.
16:29 of 2nd period - Backhand shot by Matt Donovan.
16:29 of 2nd period - Stopped by Matt Hackett with a rebound.
16:57 of 2nd period - Off-side.
16:58 of 2nd period - Christoph Bertschy wins face-off versus Noel Acciari in neutral zone.
17:05 of 2nd period - Wrist shot by Sven Baertschi.
17:05 of 2nd period - Stopped by Matt Hackett without a rebound.
17:06 of 2nd period - Anton Lander wins face-off versus Martin Hanzal in Blackdemons zone.
17:33 of 2nd period - Mathew Dumba is hit by Eric Tangradi and loses puck.
17:56 of 2nd period - Snap shot by Alexandre Grenier.
17:56 of 2nd period - Stopped by Anders Lindback with a rebound.
18:04 of 2nd period - Snap shot by Noel Acciari.
18:04 of 2nd period - Stopped by Anders Lindback with a rebound.
18:36 of 2nd period - Matt Beleskey is hit by Branko Radivojevic and loses puck.
Goals for this period are 2 for Mulligans vs 5 for Blackdemons.
Shots for this period are 17 for Mulligans vs 20 for Blackdemons.
3rd period
0:01 of 3rd period - Martin Hanzal wins face-off versus Anton Lander in neutral zone.
0:10 of 3rd period - Slapshot by Martin Hanzal.
0:10 of 3rd period - Goal by Martin Hanzal - Mulligans : 3 - Blackdemons : 8.
0:11 of 3rd period - Martin Hanzal wins face-off versus Anton Lander in neutral zone.
0:18 of 3rd period - Wrist shot by Branko Radivojevic.
0:18 of 3rd period - Shot Misses the Net.
0:24 of 3rd period - Branko Radivojevic is hit by Anton Lander.
0:30 of 3rd period - Derek Dorsett is hit by Andrew MacDonald and loses puck.
2:08 of 3rd period - Darren Dietz is hit by Ales Kotalik and loses puck.
2:28 of 3rd period - Jeffrey Foss is hit by Derek Dorsett and loses puck.
2:45 of 3rd period - Slapshot by Ben Hutton.
2:45 of 3rd period - Stopped by Matt Hackett with a rebound.
2:47 of 3rd period - Snap shot by Anton Lander.
2:47 of 3rd period - Stopped by Matt Hackett without a rebound.
2:47 of 3rd period - Minor Penalty to Matt Hackett for Slashing.
2:48 of 3rd period - Andy McDonald wins face-off versus Maxime Macenauer in Blackdemons zone.
2:48 of 3rd period - Andy McDonald is hit by Maxime Macenauer.
3:00 of 3rd period - Slapshot by Andrew MacDonald.
3:00 of 3rd period - Shot Blocked by Matt Donovan.
3:02 of 3rd period - Wrist shot by Kyle Rau.
3:02 of 3rd period - Stopped by Anders Lindback without a rebound.
3:03 of 3rd period - Andy McDonald wins face-off versus Maxime Macenauer in Mulligans zone.
3:36 of 3rd period - Slapshot by Matt Donovan.
3:36 of 3rd period - Shot Misses the Net.
4:35 of 3rd period - Off-side.
4:36 of 3rd period - Maxime Macenauer wins face-off versus Noel Acciari in neutral zone.
4:47 of 3rd period - Penalty to Jeffrey Foss is over, Jeffrey Foss is back on ice.
4:51 of 3rd period - Andy McDonald is hit by Logan Shaw and loses puck.
4:58 of 3rd period - Backhand shot by Logan Shaw.
4:58 of 3rd period - Shot Misses the Net.
5:00 of 3rd period - Wrist shot by Darren Dietz.
5:00 of 3rd period - Shot Misses the Net.
5:02 of 3rd period - Slapshot by Drayson Bowman.
5:02 of 3rd period - Goal by Drayson Bowman - Mulligans : 4 - Blackdemons : 8.
5:03 of 3rd period - Noel Acciari wins face-off versus Maxime Macenauer in neutral zone.
6:16 of 3rd period - Slapshot by Andy McDonald.
6:16 of 3rd period - Stopped by Anders Lindback with a rebound.
6:18 of 3rd period - Wrist shot by Andrew MacDonald.
6:18 of 3rd period - Shot Blocked by Matt Beleskey.
6:20 of 3rd period - Snap shot by Ales Kotalik.
6:20 of 3rd period - Stopped by Anders Lindback with a rebound.
6:22 of 3rd period - Snap shot by Calvin de Haan.
6:22 of 3rd period - Stopped by Anders Lindback with a rebound.
6:54 of 3rd period - Wrist shot by Joonas Donskoi.
6:54 of 3rd period - Goal by Joonas Donskoi - Mulligans : 5 - Blackdemons : 8.
6:55 of 3rd period - Blake Pietila wins face-off versus Maxime Macenauer in neutral zone.
9:08 of 3rd period - Icing by Darren Dietz.
9:09 of 3rd period - Noel Acciari wins face-off versus Maxime Macenauer in Mulligans zone.
10:06 of 3rd period - Icing by Nick Shore.
10:07 of 3rd period - Nick Shore wins face-off versus Martin Hanzal in Mulligans zone.
10:32 of 3rd period - Cade Fairchild is hit by Alexandre Grenier and loses puck.
10:39 of 3rd period - Wrist shot by Noel Acciari.
10:39 of 3rd period - Shot Misses the Net.
10:51 of 3rd period - Wrist shot by Logan Shaw.
10:51 of 3rd period - Shot Misses the Net.
10:53 of 3rd period - Wrist shot by Logan Shaw.
10:53 of 3rd period - Stopped by Matt Hackett without a rebound.
10:54 of 3rd period - Martin Hanzal wins face-off versus Maxime Macenauer in Blackdemons zone.
11:01 of 3rd period - Snap shot by Martin Hanzal.
11:01 of 3rd period - Stopped by Anders Lindback without a rebound.
11:02 of 3rd period - Martin Hanzal wins face-off versus Maxime Macenauer in Mulligans zone.
11:15 of 3rd period - Snap shot by Martin Hanzal.
11:15 of 3rd period - Stopped by Anders Lindback with a rebound.
12:31 of 3rd period - Snap shot by Matt Niskanen.
12:31 of 3rd period - Stopped by Matt Hackett with a rebound.
12:34 of 3rd period - Icing by Mackenzie MacEachern.
12:35 of 3rd period - Maxime Macenauer wins face-off versus Kyle Rau in Blackdemons zone.
12:40 of 3rd period - Wrist shot by Jonathan Tremblay.
12:40 of 3rd period - Shot Misses the Net.
12:56 of 3rd period - Slapshot by Andrew MacDonald.
12:56 of 3rd period - Stopped by Anders Lindback without a rebound.
12:57 of 3rd period - Anton Lander wins face-off versus Martin Hanzal in Mulligans zone.
13:10 of 3rd period - Snap shot by Matt Beleskey.
13:10 of 3rd period - Deflect By Anton Lander.
13:10 of 3rd period - Deflect By Martin Hanzal.
13:10 of 3rd period - Shot Misses the Net.
13:10 of 3rd period - Puck is out of play.
13:11 of 3rd period - Patrice Cormier wins face-off versus Maxime Macenauer in Blackdemons zone.
14:02 of 3rd period - Wrist shot by Drayson Bowman.
14:02 of 3rd period - Stopped by Matt Hackett with a rebound.
14:05 of 3rd period - Icing by Alexandre Grenier.
14:06 of 3rd period - Noel Acciari wins face-off versus Nick Shore in Blackdemons zone.
14:11 of 3rd period - Matt Donovan is hit by Alexandre Grenier and loses puck.
15:04 of 3rd period - Snap shot by Alexandre Grenier.
15:04 of 3rd period - Shot Misses the Net.
15:06 of 3rd period - Slapshot by Andrew MacDonald.
15:06 of 3rd period - Stopped by Anders Lindback without a rebound.
15:07 of 3rd period - Patrice Cormier wins face-off versus Anton Lander in Mulligans zone.
15:34 of 3rd period - Martin Hanzal is hit by Eric Tangradi and loses puck.
15:59 of 3rd period - Calvin de Haan is hit by Joonas Donskoi and loses puck.
16:16 of 3rd period - Off-side.
16:17 of 3rd period - Nick Shore wins face-off versus Patrice Cormier in neutral zone.
16:39 of 3rd period - Slapshot by Matt Niskanen.
16:39 of 3rd period - Stopped by Matt Hackett with a rebound.
17:19 of 3rd period - Slapshot by Logan Shaw.
17:19 of 3rd period - Stopped by Matt Hackett without a rebound.
17:20 of 3rd period - Patrice Cormier wins face-off versus Maxime Macenauer in Blackdemons zone.
17:52 of 3rd period - Snap shot by Matt Niskanen.
17:52 of 3rd period - Stopped by Matt Hackett without a rebound.
17:53 of 3rd period - Martin Hanzal wins face-off versus Christoph Bertschy in Blackdemons zone.
18:18 of 3rd period - Patrice Cormier is hit by Maxime Macenauer and loses puck.
18:37 of 3rd period - Slapshot by Matt Donovan.
18:37 of 3rd period - Deflect By Noel Acciari.
18:37 of 3rd period - Stopped by Matt Hackett without a rebound.
18:38 of 3rd period - Noel Acciari wins face-off versus Anton Lander in Blackdemons zone.
18:45 of 3rd period - Wrist shot by Alexandre Grenier.
18:45 of 3rd period - Stopped by Anders Lindback with a rebound.
18:47 of 3rd period - Snap shot by Sergei Plotnikov.
18:47 of 3rd period - Goal by Sergei Plotnikov - Mulligans : 5 - Blackdemons : 9.
18:48 of 3rd period - Maxime Macenauer wins face-off versus Patrice Cormier in neutral zone.
18:59 of 3rd period - Snap shot by Andy McDonald.
18:59 of 3rd period - Deflect By Ales Kotalik.
18:59 of 3rd period - Stopped by Anders Lindback without a rebound.
19:00 of 3rd period - Maxime Macenauer wins face-off versus Patrice Cormier in Mulligans zone.
19:00 of 3rd period - Maxime Macenauer is hit by Andy McDonald.
19:16 of 3rd period - Andy McDonald is hit by Eric Tangradi and loses puck.
Goals for this period are 2 for Mulligans vs 2 for Blackdemons.
Shots for this period are 11 for Mulligans vs 12 for Blackdemons.
Back to the Top